 Dungeon Crawl Stone Soup version 0.32-a0-909-gc671339a80 (webtiles) character file.

Game seed: 10466778567158429000

2040 Bediveer the Spear-Bearer (level 9, 0/80 HPs)
             Began as a Mountain Dwarf Fighter on Apr 7, 2024.
             Was a Priest of Beogh.
             Killed from afar by Bogward the orc apostle (23 damage)
             ... with a zap
             ... on level 6 of the Dungeon.
             The game lasted 00:09:07 (5233 turns).

Bediveer the Spear-Bearer (Mountain Dwarf Fighter)  Turns: 5233, Time: 00:09:08

Health: 0/80       AC: 14    Str: 20 (23) XL:     9   Next: 4%
Magic:  9/9        EV:  4    Int:  6 (7)  God:    Beogh [***...]
Gold:   500        SH:  4    Dex:  8 (9)  Spells: 8/8 levels left

rFire   . . .        a - +0 trident
rCold   . . .        c - +0 buckler
rNeg    . . .        l - +0 plate armour
rPois   .            w - +0 helmet
rElec   .            r - +0 cloak
rCorr   .            (no gloves)
SInv    .            (no boots)
Will    .....        j - amulet of regeneration Stlth
                     (no ring)
HPRegen 1.13/turn    (no ring)
MPRegen 0.11/turn

%: no passive effects
@: hasted, very quick
A: runic magic, artefact enchanting, hooves 1, dopey 1
a: Renounce Religion, Smiting


You were on level 6 of the Dungeon.
You worshipped Beogh.
Beogh was most pleased with you.
You visited 1 branch of the dungeon, and saw 6 of its levels.
You also visited: Sewer.

You collected 500 gold pieces.

Inventory:

Hand Weapons
 a - a +0 trident (weapon)
Missiles
 v - 12 poisoned darts (quivered)
Armour
 b - a +0 scale mail
 c - a +0 buckler (worn)
 l - a +0 plate armour (worn)
 r - a +0 cloak (worn)
 w - a +0 helmet (worn)
Jewellery
 h - a ring of fire
 j - an amulet of regeneration (around neck)
Wands
 d - a wand of flame (44)
Scrolls
 e - a scroll of noise
 i - 2 scrolls of vulnerability
 m - a scroll of immolation
 p - a scroll of blinking
 u - a scroll of enchant armour
 x - a scroll of fog
 y - a scroll of identify
Potions
 f - a potion of lignification
 g - 3 potions of attraction
 k - a potion of mutation
 n - a potion of brilliance
 o - a potion of resistance
 s - a potion of degeneration
 t - a potion of curing


   Skills:
 + Level 7.6 Fighting
 * Level 9.1 Polearms
 + Level 4.8 Armour
 + Level 4.8 Shields


You had 8 spell levels left.
You didn't know any spells.
Your spell library contained the following spells:

 Spells                   Type           Power      Damage    Failure   Level
 Apportation              Tloc           0%         N/A       80%         1
 Necrotise                Necr           0%         1d4       80%         1
 Sting                    Conj/Alch      0%         1d3       80%         1
 Summon Small Mammal      Summ           0%         N/A       80%         1
 Ensorcelled Hibernation  Hex/Ice        0%         N/A       90%         2
 Mercury Vapours          Alch/Air       0%         N/A       90%         2
 Scorch                   Fire           0%         2d5       90%         2
 Fugue of the Fallen      Necr           0%         N/A       99%         3
 Hailstorm                Conj/Ice       0%         3d5       99%         3
 Mephitic Cloud           Conj/Alch/Air  0%         N/A       99%         3
 Summon Ice Beast         Ice/Summ       0%         N/A       99%         3
 Vampiric Draining        Necr           0%         2d6       99%         3
 Anguish                  Hex/Necr       0%         N/A       100%        4
 Flame Wave               Conj/Fire      0%         2d4       100%        4
 Martyr's Knell           Necr/Summ      0%         N/A       100%        4
 Curse of Agony           Necr           0%         N/A       100%        5
 Freezing Cloud           Conj/Ice/Air   0%         6-21      100%        5
 Summon Mana Viper        Hex/Summ       0%         N/A       100%        5
 Permafrost Eruption      Ice/Erth       0%         2x4d1     100%        6
 Sculpt Simulacrum        Ice/Alch       0%         N/A       100%        6
 Summon Cactus Giant      Summ           0%         N/A       100%        6
 Monstrous Menagerie      Summ           0%         N/A       100%        7


Dungeon Overview and Level Annotations

Branches:
Dungeon (6/15)             Temple (0/1) D:5           Sewer (visited)

Altars:
Dithmenos

Shops:
D:2 [   D:4 =


Innate Abilities, Weirdness & Mutations

Your facial features look somewhat orcish.
Your spellcasting is much less encumbered by armour.
You can use scrolls of enchantment on lesser artefacts.
You have large cloven feet.
You are dopey. (Int -2)


Message History

The zap hits you.
* * * LOW HITPOINT WARNING * * *
You closely miss Bogward. Your kick misses Bogward.
Bogward is severely wounded.
Bogward hits you but does no damage.
You hit Bogward but do no damage. You kick Bogward, but do no damage.
Bogward is severely wounded.
You hit Bogward but do no damage. Your kick misses Bogward.
Bogward is severely wounded.
Bogward hits you but does no damage.
You hit Bogward.
Bogward is severely wounded.
Bogward hits you with a +3 vampiric dagger.
* * * LOW HITPOINT WARNING * * *
Bogward draws strength from your wounds!
You hit Bogward.
Bogward is almost dead.
You hit Bogward but do no damage. Your kick misses Bogward.
Bogward is almost dead.
You block Bogward's attack.
You hit Bogward but do no damage. Your kick misses Bogward.
Bogward is almost dead.
You hit Bogward. You kick Bogward.
Bogward is almost dead.
Bogward casts a spell at you. The zap misses you.
You barely miss Bogward. You kick Bogward, but do no damage.
Bogward is almost dead.
Bogward gestures wildly while chanting.
Bogward blinks!
There is an open door, spattered with blood here.
Reach: a) +0 trident
Press: ? - help, Dir - move target, f/p - Bogward
Aim: Bogward the orc apostle, wielding a +3 vampiric dagger, wearing a +2 robe and wearing a +4 ring of protection (almost dead, empowered by the touch of Beogh, about 52% to evade your +0 trident)
You reach to attack!
You miss Bogward.
Bogward is almost dead.
Bogward gestures at you while chanting. The zap hits you!!
You die...
Beogh appreciates Bogward's killing of a heretic priest.

######### #.......#
#.......# #......(#
#.......# #.....))#####
#....)..'...#
.....).)###ยง##
.....)..##@..#
.###.#####...# #.o.....o...#
#. #.#..##.#...# . #(#
#.#...# ### .#
###.#####.##### #.. ..
..........#############.###.
...........................>
......#.###########.#.#.....


You could see Bogward the orc apostle (divinely empowered).

Vanquished Creatures
  Sigmund (D:4)
  2 water moccasins
  2 black bears (D:5)
  2 ice beasts (D:5)
  An ogre (D:4)
  2 phantoms (D:5)
  Blork the orc (D:4)
  A wight (D:5)
  3 howler monkeys (D:5)
  3 bombardier beetles
  An orc priest (D:6)
  A gnoll bouda (D:6)
  3 hounds
  A sleepcap (D:5)
  Crazy Yiuf (D:2)
  Ijyb (D:2)
  Natasha (thrice) (D:2)
  4 iguanas
  6 gnolls
  15 adders
  2 river rats (Sewer)
  A shadow imp (D:6)
  2 white imps
  4 dart slugs
  5 ribbon worms
  6 orcs
  6 bats
  8 endoplasms
  2 giant cockroaches
  7 goblins
  3 hobgoblins (D:4)
  5 jackals
  17 kobolds
  A quokka (D:4)
  12 ball pythons
  A frilled lizard (D:2)
  9 rats
145 creatures vanquished.

Vanquished Creatures (others)
  3 orcs
  A goblin (D:2)
4 creatures vanquished.

Grand Total: 149 creatures vanquished

Notes
Turn   | Place    | Note
-------+----------+-------------------------------------------
     0 | D:1      | Bediveer the Mountain Dwarf Fighter began the quest for the
                  | Orb.
     0 | D:1      | Reached XP level 1. HP: 19/19 MP: 1/1
   468 | D:1      | Reached XP level 2. HP: 26/26 MP: 2/2
   509 | D:2      | Found a faded altar of an unknown god.
   559 | D:2      | Reached skill level 3 in Polearms
   563 | D:2      | Reached XP level 3. HP: 30/33 MP: 3/3
   643 | D:2      | Noticed Natasha
   650 | D:2      | Killed Natasha
   767 | D:2      | Found Dyjiq's Armour Shop.
   778 | D:2      | Noticed Natasha
   782 | D:2      | Killed Natasha
   783 | D:2      | Reached XP level 4. HP: 40/40 MP: 4/4
   860 | D:2      | Found a runed translucent door.
   861 | D:2      | Noticed Crazy Yiuf
  1019 | D:2      | Reached skill level 4 in Polearms
  1106 | D:2      | Noticed Natasha
  1120 | D:2      | Killed Natasha
  1246 | D:2      | Killed Crazy Yiuf
  1247 | D:2      | Reached XP level 5. HP: 24/47 MP: 5/5
  1362 | D:3      | Noticed Ijyb
  1373 | D:2      | Killed Ijyb
  1546 | D:2      | Became a worshipper of Beogh the Shepherd
  1847 | D:3      | Reached skill level 5 in Polearms
  2158 | D:3      | You fall into a shaft and drop 2 floors!
  2158 | D:5      | Entered Level 5 of the Dungeon
  2185 | D:5      | Found a staircase to the Ecumenical Temple.
  2199 | D:5      | Noticed an ice beast
  2212 | D:5      | Killed an ice beast
  2213 | D:5      | Reached skill level 5 in Fighting
  2213 | D:5      | Reached XP level 6. HP: 51/56 MP: 6/6
  2318 | D:4      | Found a glowing drain.
  2327 | Sewer    | Entered a sewer
  2449 | Sewer    | Reached * piety under Beogh
  2684 | Sewer    | Reached skill level 6 in Polearms
  3019 | D:4      | Noticed Blork the orc
  3028 | D:4      | Killed Blork the orc
  3103 | D:4      | Reached XP level 7. HP: 61/62 MP: 7/7
  3379 | D:3      | Reached ** piety under Beogh
  3822 | D:4      | Noticed Sigmund
  3872 | D:4      | Killed Sigmund
  3873 | D:4      | Reached skill level 7 in Polearms
  3900 | D:4      | Found Loyriyla's Jewellery Emporium.
  4095 | D:4      | Found a shadowy altar of Dithmenos.
  4419 | D:5      | Reached XP level 8. HP: 71/71 MP: 8/8
  4443 | D:5      | Reached skill level 8 in Polearms
  4536 | D:5      | Gained mutation: You are dopey. (Int -2) [potion of
                  | mutation]
  4536 | D:5      | Gained mutation: You have large cloven feet. [potion of
                  | mutation]
  4809 | D:5      | Reached skill level 9 in Polearms
  5152 | D:6      | Reached XP level 9. HP: 71/79 MP: 9/9
  5172 | D:6      | Reached *** piety under Beogh
  5180 | D:6      | Noticed Bogward
  5233 | D:6      | Killed from afar by Bogward the orc apostle

Illustrated notes

Levels and vault maps discovered:
D:1:      minmay_arrival_glassed_features, layout_rooms,
          chequers_serial_rivers_micro_b, corexii_leaking_fountain,
          nrook_campfire, minmay_heptomino_d4
D:2:      layout_basic, hellmonk_ecumenical_altar_blasted, serial_shops, shop,
          nrook_uturn, uniq_crazy_yiuf_cottage, uniq_natasha
D:3:      minmay_inner_zag, layout_basic, uniq_ijyb
D:4:      layout_basic, nicolae_dithmenos_through_a_glass_darkly,
          portal_sewer_entry_d, serial_shops, shop, hangedman_decor_slide_cut,
          uniq_blork_the_orc, uniq_sigmund
D:5:      layout_rooms, minmay_temple_entry_statues_pillars,
          chequers_mini_garden, nzn_random_ring
D:6:      layout_basic, lemuel_round_altar

Skill      XL: |  1  2  3  4  5  6  7  8 |
---------------+-------------------------+-----
Polearms       | 3 4 5 6 7 9 |  9.1
Fighting       | 4 5 6 7 |  7.6
Armour         | 4 |  4.8
Shields        | 4 |  4.8

Action                     |  1- 3 |  4- 6 |  7- 9 || total
---------------------------+-------+-------+-------++-------
  Melee: Trident           |    57 |   342 |   377 ||   776
         Kick              |       |       |    29 ||    29
  Throw: Dart              |       |       |     3 ||     3
 Invoke: Convert to Beogh  |       |     1 |       ||     1
  Evoke: Wand              |     1 |     7 |       ||     8
    Use: Scroll            |       |     9 |     4 ||    13
         Potion            |       |     2 |    12 ||    14
 Armour: Scale mail        |    16 |       |       ||    16
         Plate armour      |    32 |   327 |   288 ||   647
         Skin              |       |       |    27 ||    27
  Dodge: Dodged            |    17 |    72 |    68 ||   157
  Block: Buckler           |     9 |    77 |    45 ||   131

Table legend: (Time is in decaauts)
 A = Elapsed time spent in this place.
 B = Non-inter-level travel time spent in this place.
 C = Inter-level travel time spent in this place.
 D = Time resting spent in this place.
 E = Time spent auto-exploring this place.
 F = Levels seen in this place.
 G = Mean time per level.
                   A        B        C        D        E       F      G
               +--------+--------+--------+--------+--------+-----+--------+
         Total |   5383 |   5225 |    158 |    367 |   3501 |   7 |  769.0 |
       Dungeon |   4609 |   4451 |    158 |    367 |   3029 |   6 |  768.2 |
         Sewer |    773 |    773 |      0 |      0 |    471 |   1 |  773.0 |
               +--------+--------+--------+--------+--------+-----+--------+

Top non-repeatable levels by time:
     D:2: 1260 daAuts
     D:4: 1078 daAuts
     D:3: 814 daAuts
   Sewer: 773 daAuts
     D:5: 724 daAuts
     D:1: 498 daAuts
     D:6: 233 daAuts
